 Dungeon Crawl Stone Soup version 0.25-a0-597-gb30770a0c0 (webtiles) character file.

Game seed: 12983566235534559172, levelgen mode: deterministic

985 Kohma the Digger (level 8, -1/41 HPs)
             Began as a Gargoyle Earth Elementalist on Mar 15, 2020.
             Slain by an ice beast (11 damage)
             ... on level 4 of the Dungeon.
             The game lasted 00:08:42 (3290 turns).

Kohma the Digger (Gargoyle Earth Elementalist)      Turns: 3290, Time: 00:08:42

Health: -1/41      AC:  9    Str: 12    XL:     8   Next: 18%
Magic:  0/15       EV: 12    Int: 21    God:
Gold:   177        SH:  0    Dex: 12    Spells: 5/16 levels left

rFire    . . .     SeeInvis .   i - +2 dagger (venom)
rCold    . . .     Gourm    .   (no shield)
rNeg     + . .     Faith    .   c - +0 robe
rPois    ∞         Spirit   .   t - +1 helmet {Int+3}
rElec    +         Reflect  .   (no cloak)
rCorr    .         Harm     .   (no gloves)
MR       .....                  (no boots)
Stlth    ++........             (no amulet)
HPRegen  0.13/turn              l - +2 ring of dexterity
MPRegen  0.14/turn              (no ring)

@: very slightly contaminated
A: negative energy resistance 1, electricity resistance, unbreathing,
petrification resistance, rot immunity, AC +5
a: no special abilities


You were on level 4 of the Dungeon.
You were not hungry.

You visited 1 branch of the dungeon, and saw 4 of its levels.

You collected 177 gold pieces.

Inventory:

Hand Weapons
 i - a +2 dagger of venom (weapon)
Missiles
 b - 98 stones
 m - 46 poisoned darts (quivered)
Armour
 c - a +0 robe (worn)
 t - a +1 helmet of intelligence (worn)
Jewellery
 l - a +2 ring of dexterity (left hand)
Scrolls
 j - a scroll of amnesia
 r - 2 scrolls of remove curse
Potions
 a - a potion of resistance {unknown}
 e - a potion of ambrosia
 g - a potion of berserk rage {unknown}
 h - a potion of stabbing {unknown}
 o - a potion of haste {unknown}
 s - a potion of lignification {unknown}
 u - 2 potions of heal wounds
Comestibles
 d - 7 rations
 f - 4 chunks of flesh


   Skills:
 - Level 1.5 Dodging
 - Level 2.1 Stealth
 + Level 4.9 Spellcasting
 - Level 3.2 Conjurations
 - Level 3.1 Transmutations
 + Level 7.9 Earth Magic


You had 5 spell levels left.
You knew the following spells:

 Your Spells              Type           Power        Failure   Level  Hunger
a - Sandblast             Erth           #####.       1%          1    None
b - Passwall              Tmut/Erth      ####....     1%          2    None
c - Stone Arrow           Conj/Erth      ####..       3%          3    ##.....
d - Lee's Rapid Deconstr  Erth           #####.....   12%         5    #####..

Your spell library contained the following spells:

 Spells                   Type           Power        Failure   Level  Hunger
 Petrify                  Tmut/Erth      ####....     11%         4    ####...


Dungeon Overview and Level Annotations

Branches:
Dungeon (4/15)
 Temple: D:4-7

Altars:
Dithmenos


Innate Abilities, Weirdness & Mutations

You are resistant to torment.
Your stone body is resilient. (AC +5)
You are immune to poison.
You resist negative energy. (rN+)
You are resistant to electric shocks. (rElec)
You can survive without breathing.
You are immune to petrification.
You are immune to rotting.


Message History

The ice beast is moderately wounded.
The ice beast hits you. The ice beast freezes you!
You hit the ice beast but do no damage.
The ice beast looks as sick as possible!
The ice beast is heavily wounded.
The ice beast hits you. The ice beast freezes you.
* * * LOW HITPOINT WARNING * * *
Casting: Stone Arrow (safe; 3% risk of failure)
Confirm with . or Enter, or press ? or * to list all spells.
Aiming: Sandblast (safe; 1% risk of failure)
Press: ? - help, Shift-Dir - straight line, f/p - ice beast
Aim: an ice beast (heavily wounded, extremely poisoned)
The blast of sand hits the ice beast.
The ice beast is heavily wounded.
b - 98 stones The orc shouts!
The ice beast hits you.
* * * LOW HITPOINT WARNING * * *
The ice beast freezes you!
You die...

#...##.....#
.....o.....#............
..............##........
.............####..._...
..............##........
........................
................##.....#
#......Y.......###..#..#
#......@.......##..###..
#..................## ..
#.(......).....#....#..#
##......)..............#
##.................####
######............#
####...........#
####.............##
#######................#


You could see an ice beast and an orc.

Vanquished Creatures
  Pikel (D:3)
  2 slaves
  A phantom (D:4)
  A scorpion (D:4)
  A hound (D:4)
  An orc priest (D:3)
  4 orc wizards
  2 worker ants (D:4)
  8 adders
  A worm (D:2)
  4 dart slugs
  2 leopard geckos
  8 orcs
  5 bats
  9 goblins
  9 hobgoblins
  2 jackals (D:1)
  3 kobolds
  A quokka (D:2)
  A ball python (D:2)
  3 frilled lizards
  7 rats
76 creatures vanquished.

Vanquished Creatures (others)
  2 slaves (D:4)
  An adder skeleton (D:4)
  A worm (D:4)
  An orc (D:4)
5 creatures vanquished.

Grand Total: 81 creatures vanquished

Notes
Turn   | Place    | Note
-------+----------+-------------------------------------------
     0 | D:1      | Kohma the Gargoyle Earth Elementalist began the quest for
                  | the Orb.
     0 | D:1      | Reached XP level 1. HP: 10/10 MP: 3/3
    85 | D:1      | Reached skill level 4 in Earth Magic
   239 | D:1      | Reached XP level 2. HP: 15/15 MP: 3/5
   684 | D:1      | You fall into a shaft and drop 1 floor!
   784 | D:1      | Reached XP level 3. HP: 18/19 MP: 6/6
   788 | D:1      | Learned a level 2 spell: Passwall
   792 | D:1      | Learned a level 3 spell: Stone Arrow
  1040 | D:2      | Reached skill level 5 in Earth Magic
  1131 | D:2      | Reached XP level 4. HP: 21/24 MP: 5/8
  1856 | D:3      | Reached skill level 6 in Earth Magic
  1856 | D:3      | Reached XP level 5. HP: 28/28 MP: 4/9
  2006 | D:3      | Found a faded altar of an unknown god.
  2026 | D:3      | Reached skill level 1 in Transmutations
  2032 | D:3      | Reached skill level 1 in Conjurations
  2196 | D:3      | Reached XP level 6. HP: 32/32 MP: 11/11
  2223 | D:3      | Learned a level 5 spell: Lee's Rapid Deconstruction
  2412 | D:4      | Noticed Pikel
  2412 | D:4      | Noticed a slave
  2412 | D:4      | Noticed a slave
  2412 | D:4      | Noticed a slave
  2412 | D:4      | Noticed a slave
  2434 | D:3      | Killed Pikel
  2434 | D:3      | Reached skill level 7 in Earth Magic
  2434 | D:3      | Reached XP level 7. HP: 23/36 MP: 0/13
  3046 | D:4      | Found a shadowy altar of Dithmenos.
  3076 | D:4      | Reached XP level 8. HP: 25/41 MP: 7/15
  3290 | D:4      | Slain by an ice beast

Levels and vault maps discovered:
D:1:      nagdon_arrival_double_spiral, layout_rooms, roderic_roman_lattice
D:2:      layout_rooms
D:3:      layout_loops_ring, chequers_ecumenical_altar_simple_redux,
          first_ration, nrook_mini_vaults
D:4:      layout_cave_pods, nicolae_dithmenos_shadow_blocks, uniq_pikel

Skill      XL: |  1  2  3  4  5  6  7 |
---------------+----------------------+-----
Earth Magic    | 4 5 6 7 |  7.9
Spellcasting   | 3 4 |  4.9
Transmutations | 1 2 3 |  3.1
Conjurations   | 1 3 |  3.2
Dodging        | |  1.5
Stealth        | |  2.1

Action                   |  1- 3 |  4- 6 |  7- 9 || total
-------------------------+-------+-------+-------++-------
Melee: Unarmed           |    30 |       |       ||    30
       Dagger            |    27 |   117 |    57 ||   201
 Cast: Sandblast         |    16 |    10 |     3 ||    29
       Stone Arrow       |       |     6 |    15 ||    21
  Use: Scroll            |       |       |     9 ||     9
 Stab: Sleeping          |     1 |     2 |       ||     3
  Eat: Chunk             |     1 |     4 |     4 ||     9
Armor: Robe              |    11 |    39 |    22 ||    72
Dodge: Dodged            |    41 |    80 |    25 ||   146

Table legend:
 A = Non-vault XP
 B = Vault XP
 C = Vault XP percentage of total XP
 D = Non-vault monster count
 E = Vault monster count
 F = Vault count percentage of total count
                 A         B        C        D         E       F
            +---------+---------+-------+---------+---------+-------
      Total |     723 |     685 |  48.7 |      74 |       1 |   1.3
            +---------+---------+-------+---------+---------+-------
        D:1 |      33 |       0 |   0.0 |      16 |       0 |   0.0
        D:2 |      87 |       0 |   0.0 |      21 |       0 |   0.0
        D:3 |     230 |     685 |  74.9 |      25 |       1 |   3.8
        D:4 |     373 |       0 |   0.0 |      12 |       0 |   0.0
            +---------+---------+-------+---------+---------+-------
